AoeStats
← Cuervo

Arabia

504369188Analyzed
3v3 RM · 27d ago on Sep 5, 2026· 56m 5s· 6 players
Game mode
Random Map
Map size
Normal (6 player)
Population
200
Speed
Normal
Resources
Standard
Victory
Conquest
Starting age
Dark Age
Ending age
Imperial Age
RankedLock teamsTeams togetherTeam positionsShared explorationLock speedFull tech treeHidden civsTurbo modeCheats
Victory
Defeat
🇨🇦 Bohemians · Canada
1089
+12
🇺🇸 Khitans · United States
1020
+14
🇨🇦 Inca · Canada
1004
+15
🇦🇷 Georgians · Argentina
1007
-14
🇦🇷 Goths · Argentina
982
-14
🇦🇷 Byzantines · Argentina
972
-13
CasquetE
7:30 Loom
9:46 Feudal Age
10:17 Double-Bit Axe
16:55 Horse Collar
21:47 Castle Age
21:19 Scale Barding Armor
21:50 Fletching
22:39 Husbandry
23:45 Bow Saw
23:37 Heavy Plow
24:13 Gold Mining
28:01 Elite Skirmisher
31:40 Bodkin Arrow
31:46 Padded Archer Armor
31:59 Forging
32:44 Gold Shaft Mining
32:27 Murder Holes
34:19 Thumb Ring
35:50 Ballistics
40:29 Imperial Age
41:40 Conscription
44:42 Chemistry
45:05 Wheelbarrow
45:38 Two-Man Saw
46:02 Chain Barding Armor
Gitu
2:36 Loom
10:57 Feudal Age
11:52 Double-Bit Axe
11:37 Man-at-Arms
17:57 Forging
22:40 Castle Age
23:48 Scale Mail Armor
23:55 Squires
43:30 Horse Collar
48:55 Heavy Plow
50:56 Bow Saw
51:07 Pikeman
Cuervo
7:17 Loom
9:27 Feudal Age
11:05 Double-Bit Axe
23:01 Castle Age
21:55 Gold Mining
22:07 Stone Mining
22:39 Fletching
23:03 Bloodlines
25:50 Bodkin Arrow
26:49 Wheelbarrow
25:37 Elite Skirmisher
28:08 Padded Archer Armor
28:59 Bow Saw
37:24 Leather Archer Armor
39:37 Stone Shaft Mining
44:49 Imperial Age
42:37 Hand Cart
42:37 Horse Collar
44:15 Light Cavalry
44:56 Husbandry
47:00 Onager
47:34 Hussar
51:09 Bracer
MastahMo
11:27 Feudal Age
12:38 Double-Bit Axe
16:27 Domestication
20:30 Castle Age
22:09 Bow Saw
29:56 Pastoralism
30:00 Stone Mining
33:32 Stone Shaft Mining
34:46 Fletching
35:01 Padded Archer Armor
34:58 Loom
36:44 Treadmill Crane
40:14 Imperial Age
37:28 Elite Skirmisher
42:23 Two-Man Saw
41:54 Transhumance
42:09 Husbandry
41:39 Elite Steppe Lancer
43:03 Forging
43:01 Scale Barding Armor
43:43 Town Watch
44:36 Wheelbarrow
44:34 Capped Ram
46:24 Iron Casting
46:10 Chain Barding Armor
47:25 Siege Ram
50:51 Plate Barding Armor
50:14 Bodkin Arrow
50:35 Leather Archer Armor
51:59 Ordo Cavalry
52:29 Gold Mining
55:33 Bracer
Datomminator
5:43 Loom
10:59 Feudal Age
11:25 Double-Bit Axe
16:53 Castle Age
16:59 Padded Archer Armor
17:42 Horse Collar
19:29 Chemistry
26:47 Town Watch
27:42 Wheelbarrow
30:30 Leather Archer Armor
30:39 Hand Cart
32:40 Elite Skirmisher
39:26 Heavy Plow
45:25 Imperial Age
43:16 Pikeman
43:57 Squires
46:42 Siege Engineers
47:30 Conscription
48:27 Ballistics
48:18 Masonry
48:37 Fletching
48:59 Halberdier
49:45 Scale Mail Armor
49:55 Forging
49:41 Bodkin Arrow
54:05 Arson
55:01 Iron Casting
54:43 Chain Mail Armor
54:51 Bow Saw
54:44 Treadmill Crane
55:35 Architecture
55:01 Murder Holes
55:17 Fortified Wall
55:12 Town Patrol
Demonchild
1:37 Loom
10:23 Feudal Age
11:12 Double-Bit Axe
10:57 Champi Runner
24:34 Castle Age
23:47 Wheelbarrow
23:28 Forging
24:19 Scale Mail Armor
24:52 Padded Archer Armor
24:37 Champi Warrior
24:57 Crossbowman
25:12 Pikeman
25:44 Horse Collar
27:11 Iron Casting
26:59 Bow Saw
28:17 Arson
28:50 Chain Mail Armor
31:36 Heavy Plow
31:30 Gold Mining
34:11 Elite Skirmisher
46:50 Town Watch
47:23 Hand Cart
53:45 Imperial Age
51:48 Leather Archer Armor
54:54 Fabric Shields
Connection lost

Rejoining the realm…

Still unreachable

The connection could not be restored.

Session expired

The server has moved on; the page needs a fresh start.